Match 25330824
Unlisted

Match 25330824
End
Construct Barracks
Riflemen Squad
Selects Airborne Battlegroup
Selects Heavy Machine Gun Paradrop
Heavy Machine Gun Paradrop
Riflemen Squad
M1 Mortar Team
Grenade Package
Mechanized Support Center
Selects Paratrooper Squad Paradrop
Paratrooper Squad Paradrop
Construct Tank Depot
Selects Anti-tank Gun Team Paradrop
Paratrooper Squad Paradrop
Anti-tank Gun Team Paradrop
Selects Recon Loiter
Selects Supply Drop
M4A1 Sherman Medium Tank
YangXYZ
SnackPack
tankcn
Truck
xxxx
Shoyo
Sir Bagge
雪林驯鹿
0
0

Comments sign in to comment!

No comments posted yet!